PCL
MEXICO CITY CERVECEROS @ TEXARKANA BEARS
09/19/2026
 
TOP OF THE 1ST
Mexico City Cerveceros batting - Pitching for Lansing Lugnuts : RHP Ángelo Gusmán
Pitching: RHP Ángelo Gusmán
Batting: LHB Roberto Lozano 0-0: Ball
1-0: Called Strike
1-1: Called Strike
1-2: SINGLE (Groundball, 56D)
Batting: LHB John Nicholson 0-0: Ball
1-0: Ball
Roberto Lozano is caught stealing 2nd base
2-0: Fly out, F3 (Popup, 13)
Batting: RHB Dennis Stephenson 0-0: Swinging Strike
0-1: Called Strike
0-2: Ball
1-2: Strikes out swinging
Top of the 1st over - 0 run(s), 1 hit(s), 0 error(s), 0 left on base; Mexico City 0 - Lansing 0
BOTTOM OF THE 1ST
Lansing Lugnuts batting - Pitching for Mexico City Cerveceros : RHP Roberto Matoza
Pitching: RHP Roberto Matoza
Batting: RHB Juan Rico 0-0: Called Strike
0-1: SINGLE (Groundball, 13) (infield hit)
Batting: RHB Wilson Gómez 0-0: Ball
1-0: Called Strike
1-1: Ball
2-1: Ball
3-1: Swinging Strike
3-2: SINGLE (Groundball, 56D) (infield hit)
Juan Rico to second
Batting: LHB Tom Mullins 0-0: Called Strike
0-1: Ball
1-1: 3-RUN HOME RUN (Flyball, 78XD), Distance : 409 ft
Batting: RHB Billy Campbell 0-0: Called Strike
0-1: Ball
1-1: Called Strike
1-2: Strikes out looking
Batting: LHB Sam Barnes 0-0: Called Strike
0-1: Foul Ball, location: 2F
0-2: Fly out, F2 (Popup, 2LF)
Batting: RHB Sadao Kimura 0-0: Ball
1-0: Called Strike
1-1: Swinging Strike
1-2: Ball
2-2: DOUBLE (Flyball, 8LXD)
Batting: RHB Lu-fang Huie 0-0: Ball
1-0: Called Strike
1-1: Ball
2-1: Ground out 5-3 (Groundball, 56S)
Bottom of the 1st over - 3 run(s), 4 hit(s), 0 error(s), 1 left on base; Mexico City 0 - Lansing 3
TOP OF THE 2ND
Mexico City Cerveceros batting - Pitching for Lansing Lugnuts : RHP Ángelo Gusmán
Batting: LHB Luis Espinoza 0-0: Ball
1-0: Called Strike
1-1: Foul Ball, location: 2F
1-2: Strikes out swinging
Batting: RHB Murai Ishihara 0-0: Ball
1-0: Foul Ball, location: 2F
1-1: Foul Ball, location: 2F
1-2: Ball
2-2: Strikes out looking
Batting: RHB Dave Morgan 0-0: Called Strike
0-1: Called Strike
0-2: Strikes out swinging
Top of the 2nd over - 0 run(s), 0 hit(s), 0 error(s), 0 left on base; Mexico City 0 - Lansing 3
BOTTOM OF THE 2ND
Lansing Lugnuts batting - Pitching for Mexico City Cerveceros : RHP Roberto Matoza
Batting: RHB Steve Garneys 0-0: Swinging Strike
0-1: Ball
1-1: Called Strike
1-2: Strikes out swinging
Batting: LHB Alberto Medine 0-0: Ball
1-0: Ball
2-0: Ball
3-0: Called Strike
3-1: Called Strike
3-2: Strikes out swinging
Batting: RHB Juan Rico 0-0: Ball
1-0: Ball
2-0: Foul Ball, location: 2F
2-1: Swinging Strike
2-2: Foul Ball, location: 2F
2-2: Strikes out looking
Bottom of the 2nd over - 0 run(s), 0 hit(s), 0 error(s), 0 left on base; Mexico City 0 - Lansing 3
TOP OF THE 3RD
Mexico City Cerveceros batting - Pitching for Lansing Lugnuts : RHP Ángelo Gusmán
Batting: LHB Gary Kern 0-0: Called Strike
0-1: Foul Ball, location: 2F
0-2: Ball
1-2: Ground out 6-3 (Groundball, 6)
Batting: RHB Claudio Souza 0-0: Swinging Strike
0-1: Ball
1-1: Called Strike
1-2: Strikes out looking
Batting: LHB Javier Escobedo 0-0: Foul Ball, location: 2F
0-1: Foul Ball, location: 2F
0-2: Ball
1-2: Ball
2-2: Strikes out looking
Top of the 3rd over - 0 run(s), 0 hit(s), 0 error(s), 0 left on base; Mexico City 0 - Lansing 3
BOTTOM OF THE 3RD
Lansing Lugnuts batting - Pitching for Mexico City Cerveceros : RHP Roberto Matoza
Batting: RHB Wilson Gómez 0-0: SINGLE (Flyball, 89S)
Batting: LHB Tom Mullins 0-0: Called Strike
0-1: Ball
1-1: Foul Ball, location: 2F
1-2: Ball
2-2: SINGLE (Groundball, 3D)
Wilson Gómez to second
Runner from 2nd tries for 3rd, SAFE, throw made to third
Batting: RHB Billy Campbell 0-0: Ball
1-0: Ground out 5-3 (Groundball, 5S)
Wilson Gómez scores
Tom Mullins to second
Batting: LHB Sam Barnes 0-0: Ball
1-0: Called Strike
1-1: Ball
2-1: Called Strike
2-2: Strikes out swinging
Batting: RHB Sadao Kimura 0-0: Ball
1-0: Called Strike
1-1: Ground out 6-3 (Groundball, 6)
Bottom of the 3rd over - 1 run(s), 2 hit(s), 0 error(s), 1 left on base; Mexico City 0 - Lansing 4
TOP OF THE 4TH
Mexico City Cerveceros batting - Pitching for Lansing Lugnuts : RHP Ángelo Gusmán
Batting: LHB Roberto Lozano 0-0: Foul Ball, location: 2F
0-1: Ball
1-1: SINGLE (Groundball, 4M)
Batting: LHB John Nicholson 0-0: Ball
1-0: Foul Ball, location: 2F
1-1: Foul Ball, location: 2F
1-2: Fly out, F6 (Popup, 6D)
Batting: RHB Dennis Stephenson 0-0: Called Strike
0-1: Swinging Strike
0-2: Ball
1-2: Strikes out swinging
Roberto Lozano steals 2nd base
Batter strikes out.
Batting: LHB Luis Espinoza 0-0: Ball
1-0: Ball
2-0: Called Strike
2-1: Foul Ball, location: 2F
2-2: Ball
3-2: Foul Ball, location: 2F
3-2: Base on Balls
Batting: RHB Murai Ishihara 0-0: Ground out 5-3 (Groundball, 5)
Top of the 4th over - 0 run(s), 1 hit(s), 0 error(s), 2 left on base; Mexico City 0 - Lansing 4
BOTTOM OF THE 4TH
Lansing Lugnuts batting - Pitching for Mexico City Cerveceros : RHP Roberto Matoza
Batting: RHB Lu-fang Huie 0-0: Ball
1-0: Swinging Strike
1-1: Foul Ball, location: 2F
1-2: Strikes out looking
Batting: RHB Steve Garneys 0-0: Called Strike
0-1: Fly out, F4 (Line Drive, 4M)
Batting: LHB Alberto Medine 0-0: Called Strike
0-1: Swinging Strike
0-2: Ball
1-2: Ground out 4-3 (Groundball, 4)
Bottom of the 4th over - 0 run(s), 0 hit(s), 0 error(s), 0 left on base; Mexico City 0 - Lansing 4
TOP OF THE 5TH
Mexico City Cerveceros batting - Pitching for Lansing Lugnuts : RHP Ángelo Gusmán
Batting: RHB Dave Morgan 0-0: Called Strike
0-1: Ball
1-1: SINGLE (Groundball, 5D)
Batting: LHB Gary Kern 0-0: Called Strike
0-1: Fly out, F9 (Flyball, 9M)
Batting: RHB Claudio Souza 0-0: Ball
1-0: Ball
2-0: Ball
3-0: Called Strike
3-1: Base on Balls
Dave Morgan to second
Batting: LHB Javier Escobedo 0-0: Ball
1-0: Swinging Strike
1-1: Called Strike
1-2: Ball
2-2: Ball
3-2: Base on Balls
Dave Morgan to third
Claudio Souza to second
Batting: LHB Roberto Lozano 0-0: TRIPLE (Line Drive, 7LS)
Dave Morgan scores
Claudio Souza scores
Javier Escobedo scores
Batting: LHB John Nicholson 0-0: Ball
1-0: Fly out, F5 (Line Drive, 5)
Batting: RHB Dennis Stephenson 0-0: Called Strike
0-1: Ground out 5-3 (Groundball, 56)
Top of the 5th over - 3 run(s), 2 hit(s), 0 error(s), 1 left on base; Mexico City 3 - Lansing 4
BOTTOM OF THE 5TH
Lansing Lugnuts batting - Pitching for Mexico City Cerveceros : RHP Roberto Matoza
Batting: RHB Juan Rico 0-0: SINGLE (Line Drive, 34)
Batting: RHB Wilson Gómez 0-0: SINGLE (Line Drive, 89S)
Juan Rico to second
Batting: LHB Tom Mullins 0-0: Ball
1-0: Called Strike
1-1: Ball
2-1: Ball
3-1: Fly out, F7 (Flyball, 78D)
Batting: RHB Billy Campbell 0-0: Ball
1-0: Called Strike
1-1: Fly out, F8 (Popup, 8LS)
Batting: LHB Sam Barnes 0-0: Ball
1-0: Ball
2-0: Called Strike
2-1: Swinging Strike
2-2: Ball
3-2: 3-RUN HOME RUN (Flyball, 9D), Distance : 381 ft
Pitching: RHP Josh Schmitt
Batting: RHB Sadao Kimura 0-0: Ball
1-0: Called Strike
1-1: Ground out 6-3 (Groundball, 6)
Bottom of the 5th over - 3 run(s), 3 hit(s), 0 error(s), 0 left on base; Mexico City 3 - Lansing 7
TOP OF THE 6TH
Mexico City Cerveceros batting - Pitching for Lansing Lugnuts : RHP Ángelo Gusmán
Batting: LHB Luis Espinoza 0-0: Called Strike
0-1: Foul Ball, location: 2F
0-2: DOUBLE (Line Drive, 5D)
Batting: RHB Murai Ishihara 0-0: Ball
1-0: Fly out, F8 (Flyball, 8LS)
Batting: RHB Dave Morgan 0-0: Called Strike
0-1: Foul Ball, location: 2F
0-2: Ball
1-2: Ball
2-2: Ball
3-2: Base on Balls
Batting: LHB Gary Kern 0-0: Ball
1-0: Swinging Strike
1-1: Foul Ball, location: 2F
1-2: DOUBLE (Line Drive, 78M)
Luis Espinoza scores
Dave Morgan to third
Batting: RHB Claudio Souza 0-0: Ball
1-0: Ball
2-0: Swinging Strike
2-1: Fly out, F7 (Flyball, 78XD)
Runner from 3rd tags up, SCORES, no throw
Gary Kern to third
Batting: LHB Javier Escobedo 0-0: Ball
1-0: Called Strike
1-1: Swinging Strike
1-2: Foul Ball, location: 2F
1-2: Ball
2-2: Strikes out looking
Top of the 6th over - 2 run(s), 2 hit(s), 0 error(s), 1 left on base; Mexico City 5 - Lansing 7
BOTTOM OF THE 6TH
Lansing Lugnuts batting - Pitching for Mexico City Cerveceros : RHP Josh Schmitt
Batting: RHB Lu-fang Huie 0-0: Ball
1-0: Ball
2-0: Foul Ball, location: 2F
2-1: Called Strike
2-2: Fly out, F9 (Flyball, 9S)
Batting: RHB Steve Garneys 0-0: Called Strike
0-1: Ball
1-1: Ball
2-1: Called Strike
2-2: Foul Ball, location: 2F
2-2: Strikes out swinging
Batting: LHB Alberto Medine 0-0: DOUBLE (Flyball, 9D)
Batting: RHB Juan Rico 0-0: Swinging Strike
0-1: Ball
1-1: DOUBLE (Line Drive, 9LD)
Alberto Medine scores
Batting: RHB Wilson Gómez 0-0: Ball
1-0: Called Strike
1-1: Swinging Strike
1-2: Ball
2-2: Strikes out swinging
Bottom of the 6th over - 1 run(s), 2 hit(s), 0 error(s), 1 left on base; Mexico City 5 - Lansing 8
TOP OF THE 7TH
Mexico City Cerveceros batting - Pitching for Lansing Lugnuts : RHP Ángelo Gusmán
Pitching: RHP Alberto Márquez
Batting: LHB Roberto Lozano 0-0: Ball
1-0: Foul Ball, location: 2F
1-1: Ball
2-1: Foul Ball, location: 2F
2-2: Strikes out swinging
Batting: LHB John Nicholson 0-0: Foul Ball, location: 2F
0-1: Foul Ball, location: 2F
0-2: SINGLE (Groundball, 4M)
Batting: RHB Dennis Stephenson 0-0: Fly out, F7 (Flyball, 78M)
Batting: LHB Luis Espinoza 0-0: Ball
1-0: Called Strike
1-1: Ball
2-1: Foul Ball, location: 2F
2-2: Strikes out swinging
Top of the 7th over - 0 run(s), 1 hit(s), 0 error(s), 1 left on base; Mexico City 5 - Lansing 8
BOTTOM OF THE 7TH
Lansing Lugnuts batting - Pitching for Mexico City Cerveceros : RHP Josh Schmitt
Batting: LHB Tom Mullins 0-0: Fly out, F7 (Flyball, 7M)
Batting: RHB Billy Campbell 0-0: Ball
1-0: SINGLE (Groundball, 34D)
Batting: LHB Sam Barnes 0-0: Ball
1-0: Grounds into double play, 4-6-3 (Groundball, 4)
Bottom of the 7th over - 0 run(s), 1 hit(s), 0 error(s), 0 left on base; Mexico City 5 - Lansing 8
TOP OF THE 8TH
Mexico City Cerveceros batting - Pitching for Lansing Lugnuts : RHP Alberto Márquez
Batting: RHB Murai Ishihara 0-0: Ball
1-0: Ball
2-0: Fly out, F7 (Flyball, 7M)
Batting: RHB Dave Morgan 0-0: Ball
1-0: Swinging Strike
1-1: Ball
2-1: Ball
3-1: Base on Balls
Batting: LHB Gary Kern 0-0: Called Strike
0-1: Ball
1-1: Foul Ball, location: 2F
1-2: Ball
2-2: Foul Ball, location: 2F
2-2: Grounds into double play, 4-6-3 (Groundball, 4)
Top of the 8th over - 0 run(s), 0 hit(s), 0 error(s), 0 left on base; Mexico City 5 - Lansing 8
BOTTOM OF THE 8TH
Lansing Lugnuts batting - Pitching for Mexico City Cerveceros : RHP Josh Schmitt
Pitching: RHP Raúl Gómez
Batting: RHB Sadao Kimura 0-0: Ball
1-0: Called Strike
1-1: Swinging Strike
1-2: Ball
2-2: Strikes out looking
Batting: RHB Lu-fang Huie 0-0: Ball
1-0: Ball
2-0: SINGLE (Groundball, 56D)
Batting: RHB Steve Garneys 0-0: Ball
1-0: Swinging Strike
1-1: Foul Ball, location: 2F
1-2: Strikes out swinging
Batting: LHB Alberto Medine 0-0: Ball
1-0: Ball
2-0: Ball
3-0: Base on Balls
Lu-fang Huie to second
Batting: RHB Juan Rico 0-0: Ball
1-0: Called Strike
1-1: Ball
Alberto Medine is caught stealing 2nd base
Bottom of the 8th over - 0 run(s), 1 hit(s), 0 error(s), 0 left on base; Mexico City 5 - Lansing 8
TOP OF THE 9TH
Mexico City Cerveceros batting - Pitching for Lansing Lugnuts : RHP Alberto Márquez
Pitching: LHP Roberto Vázquez
Batting: RHB Claudio Souza 0-0: Ball
1-0: Called Strike
1-1: Ground out 5-3 (Groundball, 56)
Batting: LHB Javier Escobedo 0-0: Called Strike
0-1: Called Strike
0-2: Ball
1-2: Strikes out looking
Batting: LHB Roberto Lozano 0-0: Swinging Strike
0-1: Swinging Strike
0-2: Ball
1-2: Strikes out looking
Top of the 9th over - 0 run(s), 0 hit(s), 0 error(s), 0 left on base; Mexico City 5 - Lansing 8
Monday, December 5th, 2016 - OOTP Baseball 17.12 Build 75